 Dungeon Crawl Stone Soup version 0.31.0-11-ge490571c62 (webtiles) character file.

Game seed: 9920069880533091933

77 qw the Shooter (level 4, 0/25 HPs)
             Began as a Deep Elf Hunter on Feb 4, 2024.
             Slain by an orc
             ... wielding a +0 hand axe
              (3 damage)
             ... on level 3 of the Dungeon.
             The game lasted 00:00:04 (986 turns).

qw the Shooter (Deep Elf Hunter)                     Turns: 986, Time: 00:00:05

Health: 0/25       AC:  6    Str: 10    XL:     4   Next: 14%
Magic:  6/6        EV:  9    Int: 14    God:
Gold:   135        SH:  0    Dex: 18    Spells: 3/3 levels left

rFire   . . .        a - +1 shortbow (drain)
rCold   . . .        (shield currently unavailable)
rNeg    . . .        k - +0 scale mail
rPois   .            (no helmet)
rElec   .            (no cloak)
rCorr   .            (no gloves)
SInv    .            (no boots)
Will    .....        i - amulet of faith
Stlth   +            (no ring)
HPRegen 0.24/turn    (no ring)
MPRegen 0.10/turn

%: faith
@: about to teleport
A: no striking features
a: no special abilities


You were on level 3 of the Dungeon.
You visited 1 branch of the dungeon, and saw 3 of its levels.

You collected 135 gold pieces.


   Skills:
 - Level 1.5 Fighting
 + Level 7.5 Ranged Weapons
 - Level 2.4 Dodging
 - Level 1.2 Stealth


You had 3 spell levels left.
You didn't know any spells.
Your spell library was empty.

Inventory:

Hand Weapons
 a - a +1 shortbow of draining (weapon)
Armour
 k - a +0 scale mail (worn)
Jewellery
 f - a ring of fire
 i - an amulet of faith (around neck)
 n - the amulet of Dishonour {Reflect rElec rPois rCorr SH+5}
   (You found it on level 2 of the Dungeon)

   [amulet of reflection]

   Reflect:   It reflects blocked missile attacks.
   rElec:     It insulates you from electricity.
   rPois:     It protects you from poison rCorr: It protects you from acid and
   corrosion.
   SH+5:      It affects your SH (+5).
Scrolls
 b - a scroll of teleportation
 c - a scroll of identify
 e - a scroll of fog {unknown}
Potions
 d - a potion of haste
 h - 2 potions of curing
 m - a potion of brilliance {unknown}

Dungeon Overview and Level Annotations

Branches:
Dungeon (3/15)

Altars:
Nemelex Xobeh


Message History

You shoot an arrow. The arrow closely misses the orc.
The orc shouts!
You shoot an arrow. The arrow barely misses the orc.
The orc priest miscasts a cantrip.
Enter note:
978 ||| RETREEEEATING.
The orc wizard shouts!
Enter note:
979 ||| RETREEEEATING.
The orc attacks as it pursues you! The orc barely misses you.
You shoot an arrow. The arrow barely misses the orc.
The orc hits you but does no damage.
Enter note:
981 ||| RETREEEEATING.
The orc priest looks satisfied for a moment.
The orc attacks as it pursues you! The orc barely misses you.
You shoot an arrow. The arrow hits the orc.
The orc is heavily wounded.
The orc hits you but does no damage.
The orc wizard casts a spell.
The orc wizard flickers and vanishes!
Deactivating autopickup; reactivate with Ctrl-A.
You shoot an arrow.
The arrow hits the orc but does no damage.
You drain the orc.
The orc is almost dead.
The orc priest barely misses you.
You shoot an arrow. The arrow barely misses the orc priest.
The orc priest hits you with a +0 war axe!
The orc hits you with a +0 hand axe.
You shoot an arrow.
The arrow closely misses the orc priest.
The orc closely misses you.
The orc priest calls down the wrath of Beogh upon you.
Beogh smites you!
986 ||| READING 2 scrolls of teleportation.
As you read the scroll of teleportation, it crumbles to dust.
You feel strangely unstable. The orc hits you with a +0 hand axe.
You die...

######+###
#........o
#......... ..
##.........
#.##.####o..###+##
#......@oo#.###.###
...~~.~~o..........
.~..~.~..~.......##
.~~.....~~.......#
....._.......)...#
.~~.....~~.......#
.~..~.~..~.......#
...~~.~~...#.....#
...............#


You could see 2 orc priests and 2 orcs.

Vanquished Creatures
  A hound (D:3)
  An adder (D:2)
  2 dart slugs (D:2)
  8 bats
  An endoplasm (D:2)
  A giant cockroach (D:2)
  3 hobgoblins
  4 kobolds
  A quokka (D:2)
  6 ball pythons
  3 goblins
  4 rats (D:1)
35 creatures vanquished.

Notes
Turn   | Place    | Note
-------+----------+-------------------------------------------
     0 | D:1      | qw the Deep Elf Hunter began the quest for the Orb.
     0 | D:1      | Reached XP level 1. HP: 12/12 MP: 3/3
     0 | D:1      | 0 ||| qw: Version: 0.3-a-160-g6735b56
     0 | D:1      | 0 ||| qw: Game counter: 4701
     0 | D:1      | 0 ||| qw: Melee chars always use a shield: true
     0 | D:1      | 0 ||| qw: God list: Okawaru
     0 | D:1      | 0 ||| qw: Allow faded altars: false
     0 | D:1      | 0 ||| qw: Do Orc after clearing Dungeon:15 true
     0 | D:1      | 0 ||| qw: Do second Lair branch before Depths: true
     0 | D:1      | 0 ||| qw: Lair rune preference: random
     0 | D:1      | 0 ||| qw: Goals: Normal
     0 | D:1      | 0 ||| PLANNING D:1-11
   156 | D:1      | Reached XP level 2. HP: 16/16 MP: 4/4
   176 | D:1      | Reached skill level 6 in Ranged Weapons
   293 | D:1      | Found a faded altar of an unknown god.
   377 | D:1      | 377 ||| UPGRADING to amulet of faith.
   382 | D:1      | 382 ||| READING 2 scrolls labelled XUAJOI LU JOC.
   383 | D:1      | 383 ||| READING scroll labelled ONASKI TAMNYUCIAPP.
   383 | D:1      | 383 ||| ENCHANTING +0 shortbow.
   384 | D:1      | 384 ||| READING scroll labelled BALUTZ YXIOSU.
   384 | D:1      | 384 ||| IDENTIFYING amethyst potion
   385 | D:1      | 385 ||| READING scroll labelled LIPLEAXYAH.
   385 | D:1      | 385 ||| BRANDING +1 shortbow.
   386 | D:1      | 386 ||| READING scroll labelled RAINAM IZEG.
   487 | D:1      | 487 ||| READING scroll labelled DITEGELUFI.
   490 | D:1      | 490 ||| DRINKING 2 brown potions.
   491 | D:1      | 491 ||| DROPPING scroll of butterflies.
   492 | D:1      | 492 ||| DROPPING scroll of immolation.
   493 | D:1      | 493 ||| DROPPING potion of degeneration.
   527 | D:2      | Reached XP level 3. HP: 19/20 MP: 5/5
   614 | D:2      | Identified the +6 hand axe of the Mosquito {freeze, rF+
                  | rC+}
   745 | D:2      | Identified the amulet of Dishonour {Reflect rElec rPois
                  | rCorr SH+5}
   771 | D:2      | Reached skill level 7 in Ranged Weapons
   862 | D:2      | 862 ||| UPGRADING to +0 scale mail.
   872 | D:2      | 872 ||| DROPPING +0 leather armour.
   873 | D:2      | 873 ||| READING 2 scrolls of identify.
   873 | D:2      | 873 ||| IDENTIFYING sapphire potion
   874 | D:2      | 874 ||| READING scroll of identify.
   874 | D:2      | 874 ||| IDENTIFYING metallic ruby potion
   875 | D:2      | 875 ||| READING scroll labelled LICOQI EMUUM.
   876 | D:2      | 876 ||| READING 3 scrolls labelled YCRONY WOSHRYMACIPS.
   877 | D:2      | 877 ||| DROPPING potion of ambrosia.
   878 | D:2      | 878 ||| DROPPING 2 scrolls of blinking.
   894 | D:3      | Reached XP level 4. HP: 22/25 MP: 6/6
   960 | D:3      | Found a sparkling altar of Nemelex Xobeh.
   975 | D:3      | 975 ||| RETREEEEATING.
   978 | D:3      | 978 ||| RETREEEEATING.
   979 | D:3      | 979 ||| RETREEEEATING.
   981 | D:3      | 981 ||| RETREEEEATING.
   985 | D:3      | HP: 2/25 [orc priest/divine providence (12)]
   986 | D:3      | 986 ||| READING 2 scrolls of teleportation.
   986 | D:3      | Slain by an orc

Levels and vault maps discovered:
D:1:      ncdulo_watergridlock, layout_rooms, basic_ecumenical_altar
D:2:      layout_rooms
D:3:      layout_basic, mainiacjoe_overflow_small_starburst,
          gammafunk_ghost_smash, chequers_serial_rivers_room_a

Skill      XL: |  1  2  3 |
---------------+----------+-----
Ranged Weapons | 6 7 |  7.5
Fighting       | |  1.5
Dodging        | |  2.4
Stealth        | |  1.2

Action                     |  1- 3 |  4- 6 || total
---------------------------+-------+-------++-------
   Fire: Shortbow          |    51 |    12 ||    63
    Use: Scroll            |    10 |     1 ||    11
         Potion            |     1 |       ||     1
 Armour: Leather armour    |     4 |       ||     4
         Scale mail        |     3 |     5 ||     8
  Dodge: Dodged            |     6 |     4 ||    10

Table legend:
 A = Non-vault XP
 B = Vault XP
 C = Vault XP percentage of total XP
 D = Non-vault monster count
 E = Vault monster count
 F = Vault count percentage of total count
                 A         B        C        D         E       F
            +---------+---------+-------+---------+---------+-------
      Total |     111 |       0 |   0.0 |      35 |       0 |   0.0
            +---------+---------+-------+---------+---------+-------
        D:1 |      18 |       0 |   0.0 |      13 |       0 |   0.0
        D:2 |      45 |       0 |   0.0 |      17 |       0 |   0.0
        D:3 |      48 |       0 |   0.0 |       5 |       0 |   0.0
            +---------+---------+-------+---------+---------+-------
